 Dungeon Crawl Stone Soup version 0.30-a0-782-ge64f9170bb (webtiles) character file.

Game seed: 15023512431177111392

98567 mopl the Unseen (level 15, -3/89 HPs)
             Began as a Deep Elf Enchanter on Mar 15, 2023.
             Was the Champion of Dithmenos.
             Killed from afar by a deep elf zephyrmancer (34 damage)
             ... with a bolt of lightning
             ... on level 1 of the Elven Halls on Mar 16, 2023.
             The game lasted 01:22:36 (23776 turns).

mopl the Unseen (Deep Elf Enchanter)               Turns: 23776, Time: 01:22:37

Health: -3/89      AC: 12    Str:  5    XL:     15   Next: 75%
Magic:  16/31      EV: 17    Int: 34    God:    Dithmenos [******]
Gold:   469        SH: 12    Dex: 19    Spells: 20/35 levels left

rFire   + . .      SeeInvis .    a - +3 dagger of Unpleasantness {pain, rN+ Dex+4}
rCold   + . .      Faith    .    r - +0 kite shield
rNeg    + . .      Spirit   .    F - +2 robe {rC+ rF+}
rPois   .          Reflect  .    J - +1 helmet "Irghien" {Will+}
rElec   .          Harm     .    t - +0 cloak
rCorr   .          Rampage  .    i - +3 pair of gauntlets of War {Slay+5}
Will    ++...                    W - +0 pair of boots Stlth **++++++++
                                 G - amulet of regeneration
HPRegen 1.14/turn                K - ring of flight
MPRegen 0.22/turn                Z - +6 ring of intelligence

@: flying, wreathed by umbra, studying Stealth
A: no striking features
a: Renounce Religion, Shadow Step, Shadow Form


You were on level 1 of the Elven Halls.
You worshipped Dithmenos.
Dithmenos was exalted by your worship.
You visited 5 branches of the dungeon, and saw 24 of its levels.
You also visited: Ice Cave and Volcano.

You collected 2517 gold pieces.
You spent 2048 gold pieces at shops.

Inventory:

Hand Weapons
 a - the +3 dagger of Unpleasantness (weapon) {pain, rN+ Dex+4}
   (You took it off an orc wizard on level 4 of the Dungeon)

   Dex:       It affects your dexterity (+4).
   rN:        It protects you from negative energy.
 l - a +4 scimitar of flaming
 x - a +2 dagger of venom
Missiles
 p - 35 poisoned darts
 P - 13 boomerangs
 Q - a boomerang of dispersal
Armour
 i - the +3 pair of gauntlets of War (worn) {Slay+5}
   (You acquired it on level 4 of the Dungeon)

   Slay:      It affects your accuracy & damage with ranged weapons and melee
   (+5).
 r - a +0 kite shield (worn)
 t - a +0 cloak (worn)
 F - a +2 robe of resistance (worn)
 J - the +1 helmet "Irghien" (worn) {Will+}
   (You found it on level 4 of the Lair of Beasts)

   Will:      It increases your willpower.
 V - a +2 robe of the Archmagi
 W - a +0 pair of boots (worn)
Jewellery
 G - an amulet of regeneration (around neck)
 K - a ring of flight (left hand)
 Z - a +6 ring of intelligence (right hand)
Wands
 v - a wand of iceblast (15)
 B - a wand of charming (20)
 D - a wand of digging (8)
 M - a wand of light (9)
 R - a wand of flame (22)
 Y - a wand of mindburst (7)
Scrolls
 d - 11 scrolls of teleportation
 h - 5 scrolls of poison
 j - 5 scrolls of blinking {unknown}
 k - 4 scrolls of noise {unknown}
 m - 6 scrolls of fear {unknown}
 q - 4 scrolls of immolation
 u - 8 scrolls of amnesia {unknown}
 y - 3 scrolls of vulnerability
 E - 4 scrolls of magic mapping
 O - 3 scrolls of fog
 T - 2 scrolls of silence {!r}
Potions
 c - 2 potions of invisibility
 e - 6 potions of heal wounds
 g - 2 potions of ambrosia
 n - 9 potions of curing
 o - 8 potions of haste
 s - 6 potions of brilliance
 w - 4 potions of magic
 z - 3 potions of might
 C - 6 potions of lignification {!q}
 N - 3 potions of flight
 S - a potion of resistance
 U - 2 potions of berserk rage {!q}
Miscellaneous
 I - a condenser vane
 L - a phantom mirror


   Skills:
 + Level 8.4 Fighting
 + Level 10.3 Short Blades
 + Level 9.9 Dodging
 + Level 15.3 Stealth
 + Level 8.4 Shields
 - Level 10.5 Spellcasting
 + Level 14.5 Hexes
 - Level 8.0 Necromancy
 + Level 8.7 Invocations
 - Level 10.0 Evocations


You had 20 spell levels left.
You knew the following spells:

 Your Spells              Type           Power      Damage    Failure   Level
a - Dazzling Flash        Conj/Hex       100%       N/A       1%          3
b - Ensorcelled Hibernat  Hex/Ice        100%       N/A       1%          2
c - Confusing Touch       Hex            87%        N/A       1%          3
d - Tukima's Dance        Hex            87%        N/A       1%          3
u - Dispel Undead         Necr           64%        3d22      2%          4

Your spell library contained the following spells:

 Spells                   Type           Power      Damage    Failure   Level
 Kiss of Death            Conj/Necr      100%       2d13      1%          1
 Sublimation of Blood     Necr           64%        N/A       1%          2
 Animate Dead             Necr           64%        N/A       2%          4
 Cigotuvi's Dreadful Rot  Necr/Pois/Air  72%        N/A       3%          2
 Fulminant Prism          Conj/Hex       30%        3d16      3%          4
 Beastly Appendage        Tmut           34%        N/A       6%          1
 Magic Dart               Conj           68%        1d6       6%          1
 Call Imp                 Summ           17%        N/A       10%         2
 Poisonous Vapours        Pois/Air       34%        N/A       10%         2
 Searing Ray              Conj           34%        2d5       10%         2
 Wereblood                Tmut           17%        N/A       10%         2
 Frozen Ramparts          Ice            34%        1d6       19%         3
 Ignite Poison            Fire/Tmut/Pois 17%        N/A       19%         3
 Kindle Blastsparks       Fire/Tloc/Air  34%        2d12      19%         3
 Mephitic Cloud           Conj/Pois/Air  17%        N/A       19%         3
 Ozocubu's Armour         Ice            17%        N/A       19%         3
 Spider Form              Tmut/Pois      17%        N/A       19%         3
 Animate Armour           Summ/Erth      34%        N/A       52%         4
 Ice Form                 Ice/Tmut       17%        N/A       52%         4
 Summon Ice Beast         Ice/Summ       17%        N/A       52%         4
 Blade Hands              Tmut           8%         N/A       86%         5
 Freezing Cloud           Conj/Ice/Air   8%         6-21      86%         5
 Iskenderun's Battlesphe  Conj           17%        2d7       86%         5
 Simulacrum               Ice/Necr       22%        N/A       88%         6
 Iron Shot                Conj/Erth      8%         9d3       100%        6
 Statue Form              Tmut/Erth      11%        N/A       100%        6
 Ozocubu's Refrigeration  Ice            8%         4d9       100%        7
 Spellforged Servitor     Conj/Summ      8%         N/A       100%        7
 Summon Hydra             Summ           8%         N/A       100%        7


Dungeon Overview and Level Annotations

Branches:
Dungeon (15/15)            Temple (1/1) D:6            Lair (5/5) D:8
  Swamp (0/4) Lair:3       Spider (0/4) Lair:2        Slime (0/5) Lair:4
    Orc (2/2) D:11            Elf (1/3) Orc:2        Vaults (0/5) D:13
  IceCv (visited)         Volcano (visited)
 Depths: D:15

Altars:
Ashenzari
Cheibriados
Dithmenos
Elyvilon
Fedhas
Gozag
Hepliaklqana
Kikubaaqudgha
Nemelex Xobeh
Okawaru
Qazlal
Ru
Sif Muna
Trog
Uskayaw
Vehumet
Wu Jian
Xom
Zin
The Shining One
Jiyva

Shops:
D:4 !   D:9 =   Orc:1 [!   Orc:2 :=!(   Elf:1 :

Portals:
Bazaar: D:13

Annotations:
D:4 3 runed translucent doors, GrimJard's ghost, amateur MiFi
D:5 3 runed translucent doors, gengaozo's ghost, amateur MeEE; mopl's ghost, amateur GrFi
D:10 sinv
D:12 exclusion: orange crystal statue
D:14 exclusion: 3 skeletal warriors
Lair:2 exclusions: 2 death yaks, torpor snail and 2 yaks
Lair:3 exclusion: death yak
Lair:5 3 runed translucent doors, funkygono's ghost, journeyman MiFi
Abyss:1 Sonja


Message History

The deep elf pyromancer hits you with a +0 dagger.
The deep elf zephyrmancer resists with significant effort.
The deep elf zephyrmancer barely misses you.
The deep elf pyromancer points at you and mumbles some strange words.
The sticky flame misses you.
The deep elf zephyrmancer resists with significant effort.
The deep elf zephyrmancer hits you but does no damage.
The deep elf pyromancer hits you but does no damage.
The deep elf zephyrmancer casts a spell at you.
The bolt of lightning hits you!!
A deep elf zephyrmancer comes into view.
It is wielding a +0 rapier.
You hear a shout!
The deep elf zephyrmancer shouts!
You hear a shout! x3
The deep elf zephyrmancer looks drowsy...
The deep elf pyromancer casts a spell.
The deep elf pyromancer blinks!
The helpless deep elf zephyrmancer fails to defend itself.
You perforate the deep elf zephyrmancer like a sieve!!!!!
You kill the deep elf zephyrmancer!
Dithmenos accepts your kill.
Something unseen opens the large door.
Found a scroll of silence and 11 gold pieces.
The deep elf zephyrmancer resists with significant effort.
You block the deep elf zephyrmancer's attack.
A deep elf zephyrmancer comes into view.
It is wielding a +0 long sword of holy wrath.
The deep elf zephyrmancer gestures wildly while chanting.
The deep elf zephyrmancer blinks!
Unknown command.
Casting: Ensorcelled Hibernation (safe; 1% risk of failure)
Confirm with . or Enter, or press ? or * to list all spells.
Casting: Dazzling Flash (safe; 1% risk of failure)
Press: ? - help, Dir - look around, f - activate The deep elf zephyrmancer is dazzled. x2
The deep elf zephyrmancer closely misses you.
The deep elf zephyrmancer points at you and mumbles some strange words.
The bolt of lightning hits you!!
You emit a cloud of dark smoke.
The deep elf pyromancer casts a spell.
The deep elf pyromancer blinks!
The deep elf zephyrmancer points at you and mumbles some strange words.
The bolt of lightning hits you!!
You die...

###.#### #.# #...
......... ..####
##.. .........
(....# #.#
......#..#.###.#
##.
...........###.#
##.#
#....#..#..###.##
#...
.......).####..#
#...
.#e.#.e#§.####..#
#...
......e@§####...#
####
..§...§§####....#
e.....#####....##
##'e#####.....##
#?. #......## ..
#..#.### $ #)...#
#....###### ####
#....'....###..###


You could see a deep elf pyromancer and 4 deep elf zephyrmancers.

Vanquished Creatures
  A stone giant (D:13)
  A reaper (IceCv)
  Nessos (D:13)
  Azrael (D:13)
  A red draconian (Volcano)
  An ettin (D:13)
  A fire dragon (Lair:5)
  A catoblepas (Lair:4)
  2 vault guards (D:13)
  2 ogre magi (Orc:2)
  Erolcha (Orc:2)
  7 hydras
  2 boulder beetles (D:13)
  5 two-headed ogres
  4 centaur warriors
  A tengu warrior (D:14)
  An orc high priest (Orc:2)
  A flayed ghost (D:13)
  A salamander mystic (Volcano)
  A lindwurm (Lair:5)
  A bog body (Lair:3)
  A deep elf archer (D:13)
  Pikel (D:8)
  2 wizards (D:13)
  9 deep elf pyromancers
  A necromancer (D:13)
  4 orc knights
  8 deep elf zephyrmancers (Elf:1)
  10 orc sorcerers
  6 cyclopes
  4 salamanders (Volcano)
  2 ugly things (D:13)
  4 manticores
  3 ice statues
  4 black mambas
  An elephant (shapeshifter) (D:14)
  4 elephants (Lair:4)
  7 molten gargoyles
  7 cane toads
  A torpor snail (Lair:5)
  5 gargoyles
  2 rime drakes (Lair:5)
  3 anaconda simulacra (IceCv)
  6 ice devils
  15 komodo dragons
  An efreet (D:11)
  2 yaktaurs (D:13)
  A tengu conjurer (D:14)
  A hornet (D:9)
  4 trolls
  9 polar bears
  13 blink frogs
  A dancing weapon (D:5)
  A dream sheep (Lair:3)
  A shadow (D:12)
  8 slime creatures
  3 wyverns
  3 wraiths
  A vampire (D:12)
  A fire elemental (D:12)
  4 basilisks
  17 humans
  48 yaks
  Eustachio (D:5)
  2 steam dragons (Lair:5)
  2 redbacks (Lair:2)
  7 vampire mosquitoes
  A harpy simulacrum (IceCv)
  3 wargs
  Duvessa (D:5)
  2 acid dragons
  10 hell hounds
  11 water moccasins
  21 orc warriors
  3 ice beasts
  3 black bears
  14 wolves (Lair:2)
  9 ogres
  5 boggarts
  5 centaurs (D:13)
  2 lemures (D:8)
  11 bullfrogs
  A kobold brigand (D:10)
  2 cane toad simulacra (IceCv)
  A scorpion (D:7)
  3 two-headed ogre simulacra (IceCv)
  Dowan (D:5)
  4 wights (D:7)
  An elephant simulacrum (IceCv)
  3 killer bees (D:6)
  4 howler monkeys
  An electric eel (Lair:2)
  5 lava snakes (Lair:5)
  A jelly (D:7)
  9 orc priests
  A gnoll bouda (D:9)
  Ijyb (D:5)
  3 iguanas
  2 spriggan simulacra (IceCv)
  38 orc wizards
  3 troll simulacra (IceCv)
  A wolf simulacrum (IceCv)
  6 adders
  6 gnolls
  4 naga simulacra (IceCv)
  A shadow imp (D:4)
  2 white imps (Lair:4)
  3 ufetubi
  2 dart slugs (D:1)
  61 orcs
  3 ball pythons
  6 bats
  9 endoplasms
  3 giant cockroaches
  3 goblins
  5 hobgoblins
  3 quokkas
  6 frilled lizards
  15 kobolds
  6 rats
608 creatures vanquished.

Vanquished Creatures (collateral kills)
  A two-headed ogre (D:11)
  Maggie (D:7)
  An efreet (Volcano)
  An orc wizard (D:10)
  A gnoll (D:7)
  An orc (D:10)
6 creatures vanquished.

Vanquished Creatures (others)
  An orc knight (Volcano)
  3 dancing weapons
  2 orc priests
  An orc wizard (D:9)
  2 orcs
  20 fungi
  26 plants
  8 toadstools (Lair:3)
  3 withered plants (D:2)
66 creatures vanquished.

Grand Total: 680 creatures vanquished

Notes
Turn   | Place    | Note
-------+----------+-------------------------------------------
     0 | D:1      | mopl the Deep Elf Enchanter began the quest for the Orb.
     0 | D:1      | Reached XP level 1. HP: 10/10 MP: 6/6
   151 | D:1      | Reached XP level 2. HP: 15/15 MP: 8/8
   155 | D:1      | Learned a level 2 spell: Ensorcelled Hibernation
   282 | D:1      | Reached skill level 4 in Stealth
   697 | D:1      | Reached XP level 3. HP: 18/19 MP: 8/10
   701 | D:1      | Learned a level 3 spell: Confusing Touch
   705 | D:1      | Learned a level 3 spell: Tukima's Dance
  1016 | D:2      | Found a glowing silver altar of Zin.
  1228 | D:2      | Reached skill level 2 in Short Blades
  1286 | D:2      | Found a faded altar of an unknown god.
  1838 | D:3      | Reached XP level 4. HP: 24/24 MP: 11/11
  1909 | D:3      | Found a glowing golden altar of the Shining One.
  1992 | D:3      | Reached skill level 4 in Spellcasting
  2661 | D:4      | Identified the +3 dagger of Unpleasantness {pain, rN+
                  | Dex+4}
  2708 | D:3      | Reached skill level 5 in Hexes
  2754 | D:4      | Reached XP level 5. HP: 13/28 MP: 4/13
  2822 | D:4      | Noticed an ice beast
  2831 | D:4      | Found a runed translucent gate.
  2831 | D:4      | Found a runed translucent gate.
  2831 | D:4      | Found a runed translucent gate.
  2896 | D:4      | Found Warruoh's Distillery.
  2986 | D:4      | Noticed GrimJard's ghost (amateur MiFi)
  3184 | D:4      | Bought a potion of curing for 30 gold pieces
  3184 | D:4      | Bought a potion of degeneration for 10 gold pieces
  3228 | D:5      | Entered Level 5 of the Dungeon
  3273 | D:5      | Noticed Eustachio
  3433 | D:4      | Reached skill level 1 in Shields
  3528 | D:5      | Noticed Duvessa
  3559 | D:5      | Noticed Dowan
  3731 | D:5      | Noticed Ijyb
  3754 | D:5      | Killed Ijyb
  3755 | D:5      | Reached skill level 5 in Stealth
  3782 | D:5      | Found a sparkling altar of Nemelex Xobeh.
  3942 | D:5      | Found a runed translucent gate.
  3942 | D:5      | Found a runed translucent gate.
  3942 | D:5      | Found a runed translucent gate.
  4048 | D:5      | Noticed mopl's ghost (amateur GrFi)
  4048 | D:5      | Noticed gengaozo's ghost (amateur MeEE)
  4087 | D:5      | Killed Dowan
  4088 | D:5      | Reached skill level 3 in Short Blades
  4088 | D:5      | Reached XP level 6. HP: 28/32 MP: 8/15
  4180 | D:6      | Reached skill level 5 in Spellcasting
  4240 | D:6      | Learned a level 3 spell: Dazzling Flash
  4279 | D:6      | Reached skill level 2 in Shields
  4279 | D:6      | Reached skill level 6 in Hexes
  4279 | D:6      | Reached XP level 7. HP: 36/36 MP: 11/17
  4289 | D:6      | Found a staircase to the Ecumenical Temple.
  4294 | Temple   | Entered the Ecumenical Temple
  4420 | Temple   | Became a worshipper of Dithmenos the Shadowed
  4780 | D:6      | Reached skill level 6 in Stealth
  4780 | D:6      | Reached skill level 1 in Evocations
  5295 | D:7      | Reached skill level 4 in Short Blades
  5295 | D:7      | Reached skill level 6 in Spellcasting
  5403 | D:7      | Reached skill level 2 in Evocations
  5492 | D:7      | Reached XP level 8. HP: 41/41 MP: 19/19
  5688 | D:7      | Noticed Maggie
  5699 | D:7      | Killed Maggie
  5700 | D:7      | Reached skill level 3 in Shields
  5700 | D:7      | Reached skill level 7 in Hexes
  5876 | D:7      | Reached skill level 7 in Stealth
  5876 | D:7      | Reached skill level 3 in Evocations
  6202 | D:7      | Reached skill level 7 in Spellcasting
  6202 | D:7      | Found a hazy altar of Hepliaklqana.
  6322 | D:8      | Reached skill level 5 in Short Blades
  6324 | D:8      | Reached XP level 9. HP: 46/46 MP: 15/21
  6338 | D:8      | Reached skill level 1 in Fighting
  6341 | D:8      | Reached * piety under Dithmenos
  6342 | D:8      | Reached skill level 4 in Evocations
  6370 | D:8      | Reached skill level 8 in Hexes
  6394 | D:8      | Reached skill level 4 in Shields
  6462 | D:8      | Found a staircase to the Lair.
  6480 | D:8      | Reached skill level 8 in Stealth
  6514 | D:8      | Reached skill level 2 in Fighting
  6514 | D:8      | Reached skill level 8 in Spellcasting
  6526 | D:8      | Noticed Pikel
  6605 | D:8      | Killed Pikel
  6620 | D:8      | Got the Essays on the Switch and Rot
  6959 | D:8      | Reached skill level 5 in Evocations
  6967 | D:8      | Reached XP level 10. HP: 54/54 MP: 20/24
  6969 | D:8      | Reached skill level 6 in Short Blades
  7084 | D:9      | Noticed a two-headed ogre
  7138 | D:9      | Killed a two-headed ogre
  7139 | D:9      | Reached skill level 3 in Fighting
  7139 | D:9      | Reached skill level 9 in Hexes
  7241 | D:9      | Reached skill level 9 in Stealth
  7249 | D:9      | Reached skill level 9 in Spellcasting
  7256 | D:9      | Found Wucwadgh's Jewellery Boutique.
  7629 | D:9      | Reached skill level 5 in Shields
  7894 | D:4      | Bought a potion of experience for 500 gold pieces
  7894 | D:4      | Reached skill level 4 in Fighting
  7894 | D:4      | Reached skill level 10 in Stealth
  7894 | D:4      | Reached skill level 10 in Spellcasting
  7894 | D:4      | Reached skill level 10 in Hexes
  7894 | D:4      | Reached skill level 4 in Necromancy
  7894 | D:4      | Reached XP level 11. HP: 62/62 MP: 25/27
  8085 | D:5      | Killed Eustachio
  8088 | D:5      | Killed Duvessa
  8324 | D:10     | Entered Level 10 of the Dungeon
  8365 | D:10     | Noticed a two-headed ogre
  8533 | D:10     | Reached skill level 1 in Invocations
  8701 | D:10     | Noticed a two-headed ogre
  8710 | D:10     | Killed a two-headed ogre
  8710 | D:10     | Reached ** piety under Dithmenos
  8711 | D:10     | Reached skill level 5 in Fighting
  8711 | D:10     | Reached skill level 3 in Dodging
  8711 | D:10     | Reached skill level 5 in Necromancy
  8711 | D:10     | Reached skill level 6 in Evocations
  8732 | D:10     | Killed a two-headed ogre
  8733 | D:10     | Reached skill level 11 in Hexes
  8852 | D:10     | Found an ancient bone altar of Kikubaaqudgha.
  9577 | D:4      | Bought a potion of heal wounds for 50 gold pieces
  9769 | D:11     | Reached skill level 2 in Invocations
  9779 | D:11     | Noticed a two-headed ogre
  9871 | D:11     | Found a staircase to the Orcish Mines.
  9876 | D:11     | Reached skill level 11 in Stealth
  9966 | D:11     | Reached XP level 12. HP: 68/68 MP: 25/28
 10083 | D:11     | Noticed a two-headed ogre
 10100 | D:11     | Killed a two-headed ogre
 10225 | D:11     | Killed a two-headed ogre
 10226 | D:11     | Reached skill level 7 in Short Blades
 10226 | D:11     | Reached skill level 4 in Dodging
 10419 | D:4      | Bought a potion of berserk rage for 50 gold pieces
 10430 | D:4      | Identified a scroll of acquirement
 10431 | D:4      | Acquired the +3 pair of gauntlets of War {Slay+5}
 10431 | D:4      | Found the +3 pair of gauntlets of War {Slay+5}
 10545 | Lair:1   | Entered Level 1 of the Lair of Beasts
 10882 | Lair:1   | Found a dark tunnel.
 10887 | Volcano  | Entered a volcano
 10899 | Volcano  | Reached skill level 3 in Invocations
 11008 | Volcano  | Noticed an orb of fire
 11055 | Volcano  | Noticed an orb of fire
 11056 | Volcano  | Noticed a red draconian
 11155 | Volcano  | Reached skill level 7 in Evocations
 11187 | Volcano  | Reached skill level 5 in Dodging
 11187 | Volcano  | Reached skill level 4 in Invocations
 11230 | Volcano  | Reached skill level 6 in Shields
 11230 | Volcano  | Killed a red draconian
 11233 | Volcano  | Reached skill level 6 in Fighting
 11517 | Lair:1   | Reached skill level 12 in Hexes
 11534 | Lair:1   | Reached *** piety under Dithmenos
 11990 | Lair:2   | Reached skill level 12 in Stealth
 12049 | Lair:2   | Reached XP level 13. HP: 62/74 MP: 26/29
 12168 | Lair:2   | Reached skill level 6 in Dodging
 12268 | Lair:2   | Found a hole to the Spider Nest.
 12275 | Lair:2   | Reached skill level 5 in Invocations
 12394 | Lair:2   | Reached skill level 8 in Short Blades
 12695 | Lair:2   | Reached **** piety under Dithmenos
 13595 | Lair:3   | Found a broken altar of Ashenzari.
 13760 | Lair:3   | Reached skill level 8 in Evocations
 13880 | Lair:3   | Learned a level 4 spell: Dispel Undead
 13883 | Lair:3   | Found a staircase to the Swamp.
 14113 | Lair:4   | Found a staircase to the Slime Pits.
 14114 | Lair:4   | Found a viscous altar of Jiyva.
 14145 | Lair:4   | Found a frozen archway.
 14155 | IceCv    | Entered an ice cave
 14667 | IceCv    | Noticed a reaper
 14704 | IceCv    | Killed a reaper
 14787 | IceCv    | Reached skill level 6 in Invocations
 15181 | Lair:4   | Reached skill level 7 in Dodging
 15257 | Lair:4   | Reached skill level 6 in Necromancy
 15310 | Lair:4   | Reached ***** piety under Dithmenos
 15809 | Lair:4   | Reached skill level 7 in Shields
 15866 | Lair:4   | Identified the +1 helmet "Irghien" {Will+}
 15921 | Lair:5   | Entered Level 5 of the Lair of Beasts
 15921 | Lair:5   | Noticed funkygono's ghost (journeyman MiFi)
 15921 | Lair:5   | Found a runed translucent gate.
 15921 | Lair:5   | Found a runed translucent gate.
 15921 | Lair:5   | Found a runed translucent gate.
 15989 | Lair:5   | Reached skill level 7 in Fighting
 16080 | Lair:5   | Reached XP level 14. HP: 63/82 MP: 17/30
 16277 | Lair:5   | Reached skill level 13 in Stealth
 16329 | Lair:5   | Reached skill level 7 in Necromancy
 16348 | Lair:5   | Reached skill level 13 in Hexes
 16888 | Lair:5   | Reached skill level 9 in Short Blades
 16978 | Lair:5   | Found a large runed translucent door.
 16979 | Lair:5   | Found a large runed translucent door.
 17635 | Orc:1    | Entered Level 1 of the Orcish Mines
 17728 | Orc:1    | Reached skill level 8 in Dodging
 17754 | Orc:1    | Reached skill level 9 in Evocations
 17948 | Orc:2    | Entered Level 2 of the Orcish Mines
 18020 | Orc:2    | Reached skill level 7 in Invocations
 18045 | Orc:2    | Found a staircase to the Elven Halls.
 18196 | Orc:1    | Reached ****** piety under Dithmenos
 18380 | Orc:1    | Found Xudar's Armour Shoppe.
 18504 | Orc:1    | Found Piwuda Beann's Distillery.
 18999 | Orc:2    | Found Vucla's Antique Weapon Emporium.
 19051 | Orc:2    | Found Miomn's Distillery.
 19062 | Orc:2    | Bought a potion of resistance for 160 gold pieces
 19062 | Orc:2    | Bought a potion of invisibility for 128 gold pieces
 19077 | Orc:2    | Found a radiant altar of Vehumet.
 19078 | Orc:2    | Noticed Erolcha
 19090 | Orc:2    | Killed Erolcha
 19197 | Orc:2    | Found an ancient bone altar of Kikubaaqudgha.
 19236 | Orc:2    | Reached skill level 8 in Necromancy
 19283 | Orc:2    | Found Logaax's Jewellery Shoppe.
 19369 | Orc:2    | Found Ynetwis's Book Emporium.
 19751 | D:12     | Noticed Sonja
 19755 | D:12     | Banished Sonja
 20214 | Orc:2    | Bought a manual of Stealth for 1120 gold pieces
 20875 | D:13     | Identified the +3 leather armour of Dice, Bag, and Bottle
                  | {rElec Regen+}
 20900 | D:13     | Noticed Nessos
 20906 | D:13     | Killed Nessos
 20960 | D:13     | Reached XP level 15. HP: 88/88 MP: 23/31
 21035 | D:13     | Reached skill level 14 in Stealth
 21175 | D:13     | Reached skill level 9 in Dodging
 21275 | D:13     | Found a gateway to a bazaar.
 21367 | D:12     | Reached skill level 8 in Shields
 21367 | D:12     | Reached skill level 8 in Invocations
 21396 | D:13     | Reached skill level 14 in Hexes
 21425 | D:13     | Noticed Azrael
 21438 | D:13     | Killed Azrael
 21439 | D:13     | Reached skill level 8 in Fighting
 21974 | D:13     | Found a gate to the Vaults.
 22426 | D:14     | Reached skill level 10 in Evocations
 22459 | D:13     | Reached skill level 10 in Short Blades
 22566 | D:14     | Identified the +0 robe of Sotumo {Harm Rampage Slay+5}
 22902 | D:15     | Entered Level 15 of the Dungeon
 23070 | D:15     | Reached skill level 15 in Stealth
 23464 | Elf:1    | Entered Level 1 of the Elven Halls
 23647 | Elf:1    | Found Qorhar's Book Shop.
 23776 | Elf:1    | Killed from afar by a deep elf zephyrmancer

Illustrated notes

Levels and vault maps discovered:
D:1:      ncdulo_lavacross, layout_loops_corners, minmay_indecisive_spiral
D:2:      layout_loops_ring, shapermc_ecumenical_altar_flowoftime, basic_altar,
          skrybe_limestone_x
D:3:      layout_rooms, tso_oasis_becter
D:4:      layout_rooms, serial_shops, nicolae_shop_window_shopping,
          serial_demonic, serial_demonic_a, serial_demonic_b, serial_demonic_e,
          serial_demonic_e, gammafunk_ghost_icy
D:5:      layout_gridville, mainiacjoe_overflow_catwalk,
          gammafunk_ghost_cemetery, uniq_eustachio, uniq_ijyb, uniq_duvessa
D:6:      layout_basic, temple_doors_ab
D:7:      layout_gridville, marbit_many_paths, uniq_maggie
D:8:      layout_loops_ring, david_lair_generic, nicolae_figureground_pulse,
          uniq_pikel
D:9:      layout_roguey, serial_shops, shop, kennysheep_decorative_pillar,
          lemuel_flamethrower_hall
D:10:     layout_layer_cave, tgw_kikubaaqudgha
D:11:     layout_rooms, orc_0_dummy
D:12:     layout_basic, serial_corexii_hall, corexii_hall_statues_deadend,
          chequers_hall_statues_wall_a, minmay_statue_bubble, uniq_sonja
D:13:     minmay_outward_triangles, layout_cave_pools,
          grunt_vaults_entry_tiered, serial_shops, bzr_entry_water, uniq_nessos,
          uniq_azrael
D:14:     layout_rooms, minmay_staircase_bubble
D:15:     gammafunk_depths_entry_grave, layout_basic, nicolae_water_bricks,
          uniq_jorgrun
Temple:   mainiacjoe_temple_bowtie_tessellation
Lair:1:   layout_cave_pods, enter_volcano_4, chequers_serial_rivers_room_a
Lair:2:   layout_chaotic_city, spider_nest_entry_webs, gammafunk_lair_bear_cave,
          serial_bayou_shore_b
Lair:3:   gammafunk_lair_enchanted_lake, layout_regular_city,
          skrybe_swamp_entry_bodies, basic_altar, grunt_megastairs_4
Lair:4:   layout_hall_layers, slime_entry_1, portal_ice_cave_entry_pillars_2,
          serial_bayou_pond_e, nicolae_lair_grove_arrangements, ice2_lemuel
Lair:5:   cheibrodos_lair_end_hotspot, layout_regular_city,
          gammafunk_ghost_hydra_chop
Orc:1:    layout_diamond_mine, serial_shops, shop, shop_coins
Orc:2:    kennysheep_orc_mage_school, layout_caves
Elf:1:    eino_elf_arrival_customs, layout_gridlike, serial_shops,
          nicolae_diamond_shop, minmay_elf_sorcery

Skill      XL: |  1  2  3  4  5  6  7  8  9 10 11 12 13 14 15 |
---------------+----------------------------------------------+-----
Stealth        | 4 5 6 7 8 10 11 12 13 15 | 15.3
Short Blades   | 2 3 4 5 6 7 8 9 10 | 10.3
Spellcasting   | 4 5 6 7 8 10 | 10.5
Hexes          | 5 6 7 8 10 11 12 13 14 | 14.5
Shields        | 1 2 3 4 5 6 7 8 |  8.4
Evocations     | 2 3 5 6 7 8 9 10 | 10.0
Fighting       | 2 4 5 6 7 8 |  8.4
Necromancy     | 4 5 6 8 |  8.0
Invocations    | 2 4 6 7 8 |  8.7
Dodging        | 3 5 7 8 9 |  9.9

Action                     |  1- 3 |  4- 6 |  7- 9 | 10-12 | 13-15 || total
---------------------------+-------+-------+-------+-------+-------++-------
  Melee: Dagger            |   117 |    71 |   110 |   172 |  1029 ||  1499
         Punch             |       |     1 |     1 |       |       ||     2
         Scimitar          |       |       |       |       |    27 ||    27
   Cast: Ensorcelled Hiber |    15 |    34 |    49 |    71 |   262 ||   431
         Confusing Touch   |       |     2 |     8 |    13 |    38 ||    61
         Tukima's Dance    |       |     2 |    11 |    21 |     5 ||    39
         Dazzling Flash    |       |       |     1 |     4 |    15 ||    20
         Dispel Undead     |       |       |       |       |     5 ||     5
  Evoke: Wand              |       |       |       |    11 |     3 ||    14
    Use: Potion            |       |       |     1 |     2 |     2 ||     5
         Scroll            |       |       |       |    16 |     7 ||    23
   Stab: Sleeping          |    23 |    27 |    37 |    64 |   224 ||   375
         Distracted        |     1 |     1 |       |       |     6 ||     8
         Confused          |       |     2 |     8 |    11 |    36 ||    57
         Invisible         |       |       |       |       |    13 ||    13
 Armour: Robe              |    17 |    15 |     7 |    29 |   178 ||   246
  Dodge: Dodged            |    58 |    57 |    45 |    52 |   516 ||   728
  Block: Kite shield       |       |       |       |    52 |   470 ||   522

Table legend: (Time is in decaauts)
 A = Elapsed time spent in this place.
 B = Non-inter-level travel time spent in this place.
 C = Inter-level travel time spent in this place.
 D = Time resting spent in this place.
 E = Time spent auto-exploring this place.
 F = Levels seen in this place.
 G = Mean time per level.
                   A        B        C        D        E       F      G
               +--------+--------+--------+--------+--------+-----+--------+
         Total |  23436 |  20766 |   2670 |   1911 |  11678 |  26 |  901.4 |
       Dungeon |  13827 |  12155 |   1672 |   1144 |   7629 |  15 |  921.8 |
        Temple |    136 |    126 |     10 |      0 |    107 |   1 |  136.0 |
          Lair |   5732 |   5220 |    512 |    486 |   2879 |   5 | 1146.4 |
  Orcish Mines |   2233 |   1760 |    473 |    125 |    925 |   2 | 1116.5 |
   Elven Halls |    306 |    306 |      0 |      0 |     98 |   1 |  306.0 |
      Ice Cave |    769 |    769 |      0 |    152 |      8 |   1 |  769.0 |
       Volcano |    431 |    431 |      0 |      4 |     32 |   1 |  431.0 |
               +--------+--------+--------+--------+--------+-----+--------+

Top non-repeatable levels by time:
  Lair:5: 1534 daAuts
   Orc:2: 1425 daAuts
     D:7: 1341 daAuts
    D:13: 1271 daAuts
  Lair:2: 1235 daAuts
    D:10: 1202 daAuts
     D:5: 1173 daAuts
  Lair:1: 1135 daAuts
     D:4: 1113 daAuts
  Lair:4: 1032 daAuts
     D:1: 1012 daAuts
     D:8: 992 daAuts
     D:9: 952 daAuts
    D:12: 907 daAuts
     D:6: 867 daAuts
